 Dungeon Crawl Stone Soup version 0.19.1 (webtiles) character file.

2375 Firecrotchwizard the Fighter (level 9, -2/60 HPs)
             Began as a Gargoyle Fighter on Nov 26, 2016.
             Was an Initiate of Okawaru.
             Slain by a warg (6 damage)
             ... on level 7 of the Dungeon.
             The game lasted 00:19:32 (4989 turns).

Firecrotchwizard the Fighter (Gargoyle Fighter)     Turns: 4989, Time: 00:19:32

Health: -2/60      AC: 24    Str: 21    XL:     9   Next: 45%
Magic:  9/9        EV:  4    Int:  8    God:    Okawaru [......]
Gold:   519        SH: 10    Dex: 12    Spells: 0 memorised, 8 levels left

rFire  . . .     SeeInvis .     K - +2 whip (flame)
rCold  . . .     Gourm    .     v - +0 plate armour
rNeg   + . .     Faith    .     c - +0 shield
rPois  ∞         Spirit   .     (no helmet)
rElec  +         Reflect  .     (no cloak)
rCorr  .         Harm     .     Q - +1 pair of gloves
MR     .....                    (no boots)
Stlth  ..........               V - amulet of regeneration
                                p - +4 ring of protection
                                A - +4 ring of slaying

@: no status effects
A: negative energy resistance 1, electricity resistance, unbreathing,
petrification resistance, rot immunity, AC +5
a: Renounce Religion


You were on level 7 of the Dungeon.
You worshipped Okawaru.
Okawaru was noncommittal.
You were not hungry.

You visited 2 branches of the dungeon, and saw 8 of its levels.
You also visited: Sewer.

You collected 519 gold pieces.

Inventory:

Hand Weapons
 a - a +0 flail
 K - a +2 whip of flaming (weapon)
Armour
 b - a +0 scale mail
 c - a +0 shield (worn)
 r - a +0 chain mail
 v - a +0 plate armour (worn)
 Q - a +1 pair of gloves (worn)
Jewellery
 h - an uncursed ring of ice
 l - an uncursed ring of magical power {unknown}
 n - an uncursed ring of flight
 p - a +4 ring of protection (right hand)
 x - a +4 amulet of reflection
 A - a +4 ring of slaying (left hand)
 M - an uncursed ring of protection from cold
 T - an uncursed ring of protection from fire
 V - an amulet of regeneration (around neck)
Wands
 o - a wand of polymorph (13/24)
 H - a wand of polymorph (5/24)
 N - a wand of lightning (10/15)
 S - a wand of iceblast (6/15)
Scrolls
 j - 3 scrolls of enchant weapon
 s - a scroll of blinking {unknown}
 t - 3 scrolls of noise
 y - 3 scrolls of amnesia
 z - a scroll of random uselessness {unknown}
 C - 2 scrolls of enchant armour {unknown}
 E - 2 scrolls of recharging {unknown}
 W - a scroll of teleportation
 X - a scroll of identify
 Y - a scroll of vulnerability {unknown}
Potions
 d - 3 potions of might
 e - a potion of resistance {unknown}
 i - 3 potions of flight
 k - 2 potions of invisibility {unknown}
 m - a potion of ambrosia {unknown}
 q - 3 potions of heal wounds {unknown}
 w - a potion of haste {unknown}
 D - a potion of brilliance {unknown}
 F - a potion of lignification {unknown}
 G - a potion of agility {unknown}
 J - a potion of cancellation {unknown}
 L - 2 potions of curing {unknown}
 O - 2 potions of mutation {unknown}
 R - a potion of magic {unknown}
Books
 u - a book of Minor Magic

   Spells                             Type                      Level
   a - Magic Dart                     Conjuration                  1
   b - Blink                          Translocation                2
   c - Call Imp                       Summoning                    2
   d - Repel Missiles                 Charms/Air                   2
   e - Slow                           Hexes                        2
   f - Conjure Flame                  Conjuration/Fire             3
   g - Mephitic Cloud                 Conjuration/Poison/Air       3
 B - a book of Conjurations

   Spells                             Type                      Level
   a - Magic Dart                     Conjuration                  1
   b - Searing Ray                    Conjuration                  2
   c - Dazzling Spray                 Conjuration/Hexes            3
   d - Fulminant Prism                Conjuration/Hexes            4
   e - Iskenderun's Mystic Blast      Conjuration                  4
   f - Iskenderun's Battlesphere      Conjuration/Charms           5
 U - a book of Maledictions

   Spells                             Type                      Level
   a - Corona                         Hexes                        1
   b - Ensorcelled Hibernation        Hexes/Ice                    2
   c - Confuse                        Hexes                        3
   d - Tukima's Dance                 Hexes                        3
   e - Dazzling Spray                 Conjuration/Hexes            3
Comestibles
 f - 7 bread rations
 g - a fruit
 I - 2 meat rations
 P - 2 beef jerkies


   Skills:
 * Level 8.6 Fighting
 * Level 7.6 Maces & Flails
 + Level 6.4 Armour
 + Level 6.1 Shields


You had 8 spell levels left.
You didn't know any spells.

Dungeon Overview and Level Annotations

Branches:
Dungeon (7/15)             Temple (1/1) D:6

Altars:
Ashenzari
Cheibriados
Fedhas
Gozag
Hepliaklqana
Kikubaaqudgha
Okawaru
Qazlal
Sif Muna
Trog
Uskayaw
Xom
Yredelemnul
Zin
Lugonu

Shops:
D:5 *:%

Annotations:
D:5 Tuesday's ghost, novice DsCK


Innate Abilities, Weirdness & Mutations

You are resistant to torment.
Your stone body is resilient. (AC +5)
You are immune to poison.
You resist negative energy. (rN+)
You are resistant to electric shocks. (rElec)
You can survive without breathing.
You are immune to petrification.
You are immune to rotting.


Message History

You hit the warg but do no damage. The warg bites you but does no damage.
You block the warg's attack. The warg completely misses you.
You block the warg's attack. The warg barely misses you.
You hit the warg. You burn the warg.
The warg is lightly wounded.
You block the warg's attack. x2; The warg bites you.
* * * LOW HITPOINT WARNING * * *
The warg bites you but does no damage. The warg bites you.
* * * LOW HITPOINT WARNING * * *
You hit the warg but do no damage.
The warg is lightly wounded.
The warg bites you but does no damage. You block the warg's attack.
The warg bites you.
* * * LOW HITPOINT WARNING * * *
The warg barely misses you. The warg bites you but does no damage.
Your plate armour prevents you from hitting the warg.
The warg is lightly wounded.
The warg bites you but does no damage. You block the warg's attack.
The warg bites you but does no damage. The warg bites you.
You die...

######################
....Phh@h............#
..P...hhh.).....P....#
≈≈≈≈≈≈≈h≈≈≈≈≈≈≈≈≈.(..#
≈≈≈≈≈≈≈≈≈≈≈≈≈≈≈≈≈....# #
≈≈≈≈≈≈≈≈≈≈#####≈≈....# #
..........#oo.#≈≈....# #
###########...#≈≈P...###
#+###≈≈....#..
#.≈≈≈....#.#


You could see 7 wargs.

Vanquished Creatures
  Pikel (D:4)
  Prince Ribbit (D:6)
  A warg (D:7)
  An ice beast (D:5)
  2 sky beasts (D:5)
  A necrophage (D:5)
  3 ogres
  A big kobold (Sewer)
  2 bullfrogs (D:6)
  3 scorpions
  2 bullfrog zombies (D:5)
  2 hounds
  A quasit (D:5)
  A centaur skeleton (D:5)
  An orc priest (D:4)
  2 orc wizards (D:4)
  A bullfrog skeleton (D:4)
  An iguana (D:4)
  5 worker ants
  9 adders
  A river rat (D:5)
  A shadow imp (D:6)
  2 oozes
  3 worms
  3 dart slugs
  2 leopard geckos (D:2)
  12 orcs
  4 ball pythons
  9 bats
  5 giant cockroaches
  9 hobgoblins
  5 jackals
  2 frilled lizards
  6 goblins
  6 kobolds
  12 rats
123 creatures vanquished.

Vanquished Creatures (others)
  5 jackals (D:4)
5 creatures vanquished.

Grand Total: 128 creatures vanquished

Notes
Turn   | Place    | Note
-------+----------+-------------------------------------------
     0 | D:1      | Firecrotchwizard the Gargoyle Fighter began the quest for the Orb.
     0 | D:1      | Reached XP level 1. HP: 14/14 MP: 1/1
   334 | D:1      | Reached XP level 2. HP: 14/19 MP: 2/2
   622 | D:2      | Found a basalt altar of Yredelemnul.
   647 | D:2      | Reached XP level 3. HP: 23/23 MP: 3/3
   668 | D:2      | You fall through a shaft!
  1175 | D:2      | Reached skill level 4 in Fighting
  1175 | D:2      | Reached XP level 4. HP: 29/29 MP: 4/4
  2099 | D:3      | Reached XP level 5. HP: 33/33 MP: 5/5
  2546 | D:4      | Found an opulent altar of Gozag.
  2579 | D:4      | Noticed a slave
  2581 | D:4      | Noticed Pikel
  2586 | D:4      | Noticed a slave
  2589 | D:4      | Noticed a slave
  2609 | D:4      | Noticed a slave
  2622 | D:4      | Killed Pikel
  2622 | D:4      | Reached skill level 5 in Fighting
  2622 | D:4      | Reached skill level 5 in Maces & Flails
  2622 | D:4      | Reached XP level 6. HP: 41/41 MP: 6/6
  2622 | D:4      | Reached XP level 7. HP: 45/45 MP: 7/7
  2839 | D:4      | Reached skill level 6 in Fighting
  2839 | D:4      | Reached skill level 5 in Shields
  2858 | D:4      | Reached skill level 5 in Armour
  2968 | D:4      | Reached XP level 8. HP: 51/51 MP: 8/8
  3122 | D:4      | Found a snail-covered altar of Cheibriados.
  3373 | D:5      | Entered Level 5 of the Dungeon
  3520 | D:5      | Reached skill level 7 in Fighting
  3521 | D:5      | Found Tysautsi's Book Emporium.
  3524 | D:5      | Found a hazy altar of Hepliaklqana.
  3524 | D:5      | Found a shattered altar of Ashenzari.
  3525 | D:5      | Found a bloodstained altar of Trog.
  3537 | D:5      | Found a stormy altar of Qazlal.
  3542 | D:5      | Found Laum's Food Shoppe.
  3604 | D:5      | Noticed Tuesday's ghost (novice DsCK)
  3770 | D:5      | Found Taomam's General Store.
  3932 | D:5      | Found a glowing drain.
  3944 | D:5      | Reached XP level 9. HP: 58/58 MP: 9/9
  3967 | Sewer    | Entered a sewer
  4067 | Sewer    | Found a glowing silver altar of Zin.
  4181 | D:5      | Reached skill level 8 in Fighting
  4285 | D:6      | Found a staircase to the Ecumenical Temple.
  4289 | Temple   | Entered the Ecumenical Temple
  4306 | Temple   | Became a worshipper of Warmaster Okawaru
  4645 | D:6      | Noticed Prince Ribbit
  4658 | D:6      | Killed Prince Ribbit
  4659 | D:6      | Found an ancient bone altar of Kikubaaqudgha.
  4989 | D:7      | Slain by a warg

Skill      XL: |  1  2  3  4  5  6  7  8  9 |
---------------+----------------------------+-----
Maces & Flails | 3 5 6 7 |  7.6
Fighting       | 4 5 6 7 8 |  8.6
Armour         | 4 5 6 |  6.4
Shields        | 4 5 6 |  6.1

Action                   |  1- 3 |  4- 6 |  7- 9 || total
-------------------------+-------+-------+-------++-------
Melee: Flail             |   138 |   114 |     1 ||   253
       Whip              |       |       |   272 ||   272
 Abil: Evoke Flight      |       |       |     1 ||     1
  Use: Scroll            |       |       |     7 ||     7
       Potion            |       |       |     2 ||     2
  Eat: Chunk             |     1 |     3 |     3 ||     7
       Fruit             |       |     2 |     6 ||     8
Armor: Scale mail        |    63 |       |       ||    63
       Chain mail        |    41 |    26 |       ||    67
       Plate armour      |       |    51 |   112 ||   163
       Skin              |       |     9 |     1 ||    10
Dodge: Dodged            |    41 |    21 |    23 ||    85
Block: Shield            |   100 |    80 |   132 ||   312
       Reflection        |       |       |     4 ||     4
